Map: King Sejong Station LE

Players

blackxored

  • Race: Zerg Zerg
  • League: Diamond

OrangeInn - Winner!

  • Race: Zerg Zerg
  • League: Platinum

VOD

Have the link to the VOD?

Description

Time

  • Played on: July 3, 2016, 3:28 p.m.
  • Length: 17:43
Show
View Real Time Build Order
Export as new Build Order

blackxored Zerg 

Build Orders: Hatch First, Muta Ling Bane 

Get SALT Encoding   

  12  0:01  Drone  
  13  0:11  Drone  
  14  0:18  Extractor  
  14  0:19  Drone  
  15  0:23  Overlord  
  15  0:41  Drone x2  
  17  0:47  Drone  
  18  1:08  Hatchery  
  18  1:11  Drone  
  18  1:12  Drone  
  19  1:24  Extractor  
  18  1:25  Spawning Pool  
  17  1:33  Drone x2  
  19  1:40  Overlord  
  19  1:53  Drone  
  20  2:02  Drone  
  21  2:12  Queen  
  23  2:26  Queen  
  23  2:27  Zergling x2  
  23  2:28  Zergling x2  
  23  2:29  Zergling x2  
  28  2:30  Hatchery  
  28  2:34  Metabolic Boost  
  27  2:54  Baneling Nest  
  26  2:59  Drone x5  
  26  3:03  Overlord  
  31  3:20  Drone x2  
  31  3:23  Overlord  
  31  3:26  Lair  
  33  3:33  Drone x3  
  36  3:34  Drone  
  36  3:39  Overlord  
  37  3:43  Drone x2  
  37  3:46  Drone  
  40  3:50  Drone  
  40  3:51  Extractor  
  40  3:52  Drone  
  41  4:01  Spore Crawler  
  39  4:04  Drone x3  
  39  4:08  Drone x2  
  44  4:10  Drone  
  44  4:13  Spore Crawler  
  44  4:19  Extractor, Drone  
  44  4:20  Drone x3  
  44  4:22  Extractor, Drone  
  44  4:23  Drone  
  48  4:27  Drone x2  
  48  4:29  Drone  
  52  4:31  Drone  
  52  4:40  Spire, Drone  
  52  4:47  Queen  
  52  4:51  Overlord  
  54  4:54  Zergling x6  
  54  4:56  Zergling x2  
  54  4:57  Zergling x2  
  54  4:59  Zergling x2  
  60  5:01  Zergling x2  
  60  5:02  Zergling x2  
  62  5:09  Drone  
  62  5:10  Extractor x2, Drone x3  
  62  5:12  Drone  
  62  5:14  Drone  
  66  5:20  Queen  
  68  5:25  Queen  
  68  5:28  Queen  
  72  5:52  Overseer  
  72  6:03  Overlord x3  
  72  6:07  Overlord x2  
  72  6:16  Zerg Flyer Weapons Level 1  
  72  6:17  Overlord x4  
  72  6:28  Zergling x2  
  72  6:29  Zergling x22  
  84  6:35  Centrifical Hooks  
  84  6:44  Infestation Pit  
  84  6:45  Drone  
  84  6:47  Baneling  
  84  6:48  Baneling x18  
  84  7:00  Mutalisk x4  
  87  7:26  Mutalisk x8  
  98  7:31  Drone x3  
  101  7:41  Overseer  
  95  8:03  Mutalisk x3  
  95  8:04  Mutalisk x6  
  108  8:17  Drone x7  
  108  8:18  Drone x3  
  118  8:30  Zergling x2  
  118  8:31  Zergling x4  
  121  8:41  Pneumatized Carapace  
  121  8:50  Overseer  
  121  9:04  Overlord, Drone  
  121  9:05  Overlord x3  
  121  9:07  Overseer  
  122  9:27  Zerg Flyer Weapons Level 2  
  122  9:28  Hive  
  122  9:31  Drone x2  
  124  9:39  Mutalisk x3  
  124  9:40  Mutalisk x7  
  141  9:49  Zergling x10  
  141  9:50  Zergling x8  
  150  10:00  Drone  
  147  10:24  Drone  
  147  10:25  Roach Warren  
  147  10:26  Hatchery  
  146  10:32  Mutalisk  
  146  10:33  Mutalisk x3  
  124  10:44  Zergling x6  
  124  10:45  Zergling x26  
  136  10:53  Ultralisk Cavern  
  135  10:59  Spine Crawler x3  
  135  11:00  Drone x4  
  135  11:01  Spine Crawler  
  135  11:02  Spine Crawler x3  
  135  11:03  Spine Crawler  
  131  11:04  Spine Crawler  
  131  11:05  Spine Crawler  
  131  11:07  Spine Crawler  
  131  11:09  Zergling x2  
  131  11:10  Zergling x14  
  136  11:11  Baneling x3  
  136  11:12  Baneling  
  136  11:13  Baneling  
  136  11:14  Baneling x2  
  136  11:15  Baneling  
  136  11:16  Baneling  
  136  11:17  Baneling x2  
  136  11:18  Baneling  
  136  11:19  Baneling  
  136  11:20  Overseer  
  114  11:41  Mutalisk x7  
  124  11:52  Overseer  
  124  11:57  Mutalisk x3  
  130  12:04  Drone x5  
  129  12:17  Zergling x2  
  129  12:18  Zergling x6  
  133  12:23  Chitinous Plating  
  133  12:29  Drone x2  
  135  12:43  Zergling x2  
  135  12:44  Zergling x16  
  142  12:59  Drone x2  
  142  13:00  Extractor, Drone  
  142  13:02  Overlord x4  
  144  13:07  Evolution Chamber  
  144  13:08  Evolution Chamber  
  142  13:19  Zergling x2  
  143  13:20  Zergling x6  
  143  13:22  Baneling x14  
  143  13:23  Baneling x2  
  143  13:24  Extractor  
  142  13:38  Ultralisk x2  
  154  13:57  Ultralisk x2  
  154  13:59  Baneling x2  
  154  14:00  Baneling x6  
  164  14:17  Ultralisk x2  
  164  14:20  Zergling x10  
  151  14:24  Zerg Ground Armor Level 1  
  129  14:42  Ultralisk  
  131  14:50  Zergling x28  
  131  14:51  Zergling x2  
  146  15:00  Overseer  
  145  15:08  Zergling x10  
  145  15:09  Zergling x12  
  156  15:17  Adrenal Glands  
  156  15:19  Zerg Melee Weapons Level 1  
  155  15:35  Viper x3  
  137  15:36  Hatchery  
  77  16:48  Ultralisk x3  
Show
View Real Time Build Order
Export as new Build Order

OrangeInn Zerg - Winner!

Build Orders: Hatch First, Lurkers 

Get SALT Encoding   

  12  0:01  Drone  
  13  0:08  Drone  
  14  0:35  Hatchery  
  13  0:38  Drone  
  14  0:53  Spawning Pool  
  13  1:02  Overlord  
  13  1:07  Extractor  
  13  1:08  Drone  
  13  1:12  Drone  
  14  1:20  Drone  
  14  1:24  Drone  
  16  1:35  Drone  
  17  1:40  Queen  
  17  1:45  Drone  
  20  1:55  Queen  
  20  2:00  Drone  
  23  2:04  Drone  
  23  2:07  Drone  
  25  2:14  Overlord  
  25  2:25  Drone x3  
  28  2:32  Spore Crawler  
  28  2:34  Drone x2  
  29  2:43  Lair  
  29  2:46  Drone  
  29  2:48  Drone  
  29  2:49  Drone  
  33  2:55  Overlord  
  33  2:56  Drone  
  33  2:57  Drone  
  35  3:00  Drone  
  35  3:04  Overlord  
  36  3:08  Overlord  
  36  3:15  Queen  
  38  3:21  Spine Crawler  
  38  3:23  Zergling x4  
  38  3:26  Drone  
  40  3:27  Drone  
  41  3:36  Drone x2  
  41  3:37  Drone x3  
  46  3:46  Spire  
  45  3:57  Drone x4  
  45  4:02  Extractor  
  48  4:03  Extractor  
  48  4:09  Drone  
  49  4:10  Drone x5  
  49  4:11  Extractor  
  53  4:18  Hydralisk Den  
  53  4:20  Drone x2  
  54  4:38  Hatchery, Evolution Chamber  
  54  4:40  Evolution Chamber  
  54  4:43  Drone x3  
  54  4:47  Lurker Den  
  54  4:48  Hydralisk x3  
  60  4:58  Overlord x2  
  60  5:03  Overlord  
  60  5:05  Zerg Missile Weapons Level 1  
  60  5:08  Zerg Ground Armor Level 1  
  60  5:15  Infestation Pit  
  60  5:17  Hydralisk  
  61  5:28  Hydralisk x2  
  66  5:35  Spine Crawler  
  65  5:37  Overlord  
  65  5:54  Hive  
  65  5:55  Hatchery  
  64  6:03  Drone x12  
  76  6:11  Hydralisk  
  76  6:15  Lurker  
  76  6:16  Lurker  
  76  6:17  Extractor  
  79  6:29  Hydralisk x4  
  87  6:35  Hydralisk  
  89  6:53  Hydralisk  
  91  7:10  Lurker x3  
  94  7:17  Drone x4  
  92  7:33  Hydralisk x3  
  95  8:02  Zerg Missile Weapons Level 2  
  95  8:08  Drone x3  
  98  8:15  Extractor  
  97  8:27  Muscular Augments  
  97  8:29  Hatchery  
  97  8:30  Hatchery  
  95  8:40  Hydralisk  
  97  8:46  Hatchery  
  93  8:52  Spore Crawler  
  93  8:53  Spore Crawler  
  93  8:54  Spore Crawler  
  84  8:56  Spore Crawler  
  84  8:57  Spore Crawler  
  84  8:58  Zerg Ground Armor Level 2  
  84  9:00  Spore Crawler x2  
  84  9:01  Spore Crawler x3  
  84  9:02  Spore Crawler  
  73  9:03  Infestor x3, Spore Crawler  
  78  9:17  Hydralisk x5  
  88  9:24  Extractor  
  88  9:26  Drone x3  
  90  9:47  Hydralisk x5  
  90  9:48  Hydralisk  
  102  10:03  Overlord  
  102  10:06  Spore Crawler  
  102  10:07  Spore Crawler x2, Drone  
  102  10:09  Spore Crawler  
  102  10:10  Spore Crawler  
  98  10:22  Hydralisk x2  
  98  10:23  Hydralisk  
  104  10:34  Overlord x4  
  104  10:35  Overlord x4  
  104  10:41  Hydralisk x5  
  104  10:42  Hydralisk x4  
  102  10:47  Overlord x4, Spore Crawler  
  103  10:55  Drone x5  
  103  10:56  Drone x4  
  112  10:59  Lurker  
  113  11:18  Hydralisk x2  
  113  11:19  Hydralisk x3  
  84  11:47  Hydralisk  
  84  11:48  Hydralisk x3  
  89  11:54  Drone x3  
  89  11:55  Drone x3  
  89  11:57  Infestor x2, Swarm Host  
  89  11:58  Drone  
  89  12:00  Extractor  
  89  12:01  Extractor  
  99  12:05  Overlord  
  99  12:07  Drone x2  
  99  12:08  Drone x2  
  93  12:09  Zerg Missile Weapons Level 3  
  91  12:33  Hatchery  
  91  12:36  Infestor, Swarm Host  
  93  12:37  Infestor x3  
  101  12:51  Hydralisk  
  101  12:52  Hydralisk x4  
  101  12:58  Hydralisk x2  
  115  13:07  Zerg Ground Armor Level 3  
  115  13:13  Hydralisk x2  
  119  13:22  Hydralisk x2  
  119  13:23  Hydralisk  
  125  13:32  Hydralisk x3  
  125  13:33  Hydralisk  
  133  13:51  Infestor, Drone  
  133  13:52  Drone  
  134  14:22  Hydralisk x2  
  134  14:23  Hydralisk x7  
  134  14:24  Hydralisk  
  116  14:42  Zergling x2, Hydralisk  
  95  14:47  Zergling x6  
  95  14:49  Lurker x2  
  95  14:50  Lurker x4  
  100  15:01  Hatchery  
  100  15:06  Hydralisk x5  
  104  15:24  Hydralisk x4  
  109  15:36  Hydralisk x2  
  111  15:43  Hydralisk  
  111  15:44  Hydralisk  
  115  15:50  Drone  
  115  16:24  Hydralisk x6  
  115  16:25  Hydralisk  
  129  16:55  Hydralisk x6  
  129  16:56  Hydralisk  
Tags
 
Add a new tag
Caveats
  • Supply blocks, unpowered buildings, or Contaminate may cause inaccurate times.
  • Supply counts are checked every 10 seconds.